cohdb
Replays
Latest Replays
All Replays
Popular Replays
Top Player Replays
Match Explorer
How It Works
Community
CoH3 Stats
Reddit
Sign in to upload your games and track your stats! →
Sign in with Steam
Match 40304957
Unlisted
Match 40304957
Overview
Messages
Build Orders
End
Panzergrenadier Squad
Panzergrenadier Squad
Panzergrenadier Squad
Construct Light Support Kompanie
MG34 Team
2.5-tonne Medical Truck
Construct Mechanized Kompanie
8 Rad Armored Car
Selects Italian Infantry
Selects Guastatori Squad
Guastatori Squad
Selects Registered Artillery
Selects Towed Cannone da 105/28 Field Howitzer
Support Armor Elements
Construct Panzerarmee Kommand
Selects Sound the Alarm
Selects Prepared Positions
Pak 38 Mechanized Group
Armored Reserves
Pak 38 Anti-tank Gun Team
Selects Obice 305mm Barrage
Obice 305mm Barrage
Tiger Heavy Tank
Registered Artillery
Panzer IV Assault Group
Obice 305mm Barrage
Saueee
Cookie Addict
Shane The Great
Bego
0
0
Comments
sign in to comment!
No comments posted yet!